| TOP OF THE 1ST |
|
Jacksonville Suns batting - Pitching for Savannah Indians : RHP Jose Guzman
|
|
Pitching: RHP Jose Guzman
|
|
|
Batting: RHB Lyle Brackenridge
|
0-0: Called Strike 0-1: Ball 1-1: Ball 2-1: Ball 3-1: Ground out U3 (Groundball, 3, EV 85.0 MPH)
|
|
Batting: SHB Joe Morales
|
0-0: Ground out 6-3 (Groundball, 6, EV 106.3 MPH)
|
|
Batting: LHB Andy Carlton
|
0-0: Swinging Strike 0-1: Ball 1-1: Foul Ball, location: 2F 1-2: Ground out 5-3 (Groundball, 56, EV 83.1 MPH)
|
| Top of the 1st over - 0 runs, 0 hits, 0 errors, 0 left on base; Jacksonville 0 - Savannah 0 |
| BOTTOM OF THE 1ST |
|
Savannah Indians batting - Pitching for Jacksonville Suns : RHP Michael Villegas
|
|
Pitching: RHP Michael Villegas
|
|
|
Batting: RHB Angel Salazar
|
0-0: Called Strike 0-1: Foul Ball, location: 2F 0-2: Ground out 1-3 (Groundball, 15S, EV 74.4 MPH)
|
|
Batting: LHB Kelvin Torve
|
0-0: Ball 1-0: Called Strike 1-1: Swinging Strike 1-2: Fly out, F8 (Flyball, 8LXD, EV 104.4 MPH)
|
|
Batting: RHB Jim Paciorek
|
0-0: Ball 1-0: DOUBLE (Line Drive, 7LM, EV 103.1 MPH)
|
|
Batting: RHB Wade Rowdon
|
0-0: SINGLE (Line Drive, 78S, EV 93.1 MPH) Jim Paciorek to third Runner from 3rd tries for Home, SAFE, throw by LF to home
|
|
Batting: RHB Ramiro Gutierrez
|
0-0: Ball 1-0: Ball 2-0: Called Strike 2-1: Fly out, F6 (Popup, 15, EV 81.9 MPH)
|
| Bottom of the 1st over - 1 run, 2 hits, 0 errors, 1 left on base; Jacksonville 0 - Savannah 1 |
| TOP OF THE 2ND |
|
Jacksonville Suns batting - Pitching for Savannah Indians : RHP Jose Guzman
|
|
Batting: RHB Edward Packard
|
0-0: Called Strike 0-1: Ball 1-1: Ball 2-1: Ball 3-1: Swinging Strike 3-2: Base on Balls
|
|
Batting: LHB Pete M O'Brien
|
0-0: Swinging Strike 0-1: Ball 1-1: Fly out, F8 (Flyball, 78D, EV 90.6 MPH)
|
|
Batting: LHB Dave Baker
|
0-0: Foul Ball, location: 2F 0-1: Called Strike 0-2: Fly out, F8 (Flyball, 8RXD, EV 102.5 MPH)
|
|
Batting: LHB Michael Kelly
|
0-0: Ball 1-0: Ball 2-0: Fly out, F8 (Line Drive, 8LD, EV 100.6 MPH)
|
| Top of the 2nd over - 0 runs, 0 hits, 0 errors, 1 left on base; Jacksonville 0 - Savannah 1 |
| BOTTOM OF THE 2ND |
|
Savannah Indians batting - Pitching for Jacksonville Suns : RHP Michael Villegas
|
|
Batting: LHB Roberto Hernandez
|
0-0: Called Strike 0-1: Swinging Strike 0-2: Ball 1-2: Strikes out swinging
|
|
Batting: RHB Eddie Vargas
|
0-0: Ball 1-0: Ball 2-0: Ball 3-0: Base on Balls
|
|
Batting: RHB Jeff Hearron
|
0-0: Ball 1-0: Fly out, F4 (Popup, 4S, EV 76.9 MPH)
|
|
Batting: RHB Mario Diaz
|
Pickoff Throw to First - Error! E1 Eddie Vargas to second 0-0: Ball 1-0: Swinging Strike 1-1: Ball 2-1: Fly out, F9 (Flyball, 9, EV 89.4 MPH)
|
| Bottom of the 2nd over - 0 runs, 0 hits, 1 error, 1 left on base; Jacksonville 0 - Savannah 1 |
| TOP OF THE 3RD |
|
Jacksonville Suns batting - Pitching for Savannah Indians : RHP Jose Guzman
|
|
Batting: RHB Mark Nocciolo
|
0-0: Ball 1-0: Fly out, F9 (Flyball, 9LS, EV 98.8 MPH)
|
|
Batting: RHB Henry Powell
|
0-0: Called Strike 0-1: Swinging Strike 0-2: Foul Ball, location: 2F 0-2: Strikes out looking
|
|
Batting: RHB Lyle Brackenridge
|
0-0: Foul Ball, location: 2F 0-1: Called Strike 0-2: Strikes out swinging
|
| Top of the 3rd over - 0 runs, 0 hits, 0 errors, 0 left on base; Jacksonville 0 - Savannah 1 |
| BOTTOM OF THE 3RD |
|
Savannah Indians batting - Pitching for Jacksonville Suns : RHP Michael Villegas
|
|
Batting: RHB Angel Salazar
|
0-0: Swinging Strike 0-1: Ball 1-1: Ball 2-1: Foul Ball, location: 2F 2-2: SINGLE (Line Drive, 78S, EV 100.6 MPH)
|
|
Batting: LHB Kelvin Torve
|
0-0: Called Strike 0-1: Foul Ball, location: 2F 0-2: Ball 1-2: Ball Angel Salazar steals 2nd base 2-2: Foul Ball, location: 2F 2-2: Ball 3-2: Fly out, F8 (Flyball, 8LD, EV 85.6 MPH) Runner from 2nd tags up, SAFE at 3rd, no throw by CF
|
|
Batting: RHB Jim Paciorek
|
0-0: Foul Ball, location: 2F 0-1: Fly out, F9 (Flyball, 9S, EV 90.6 MPH)
|
|
Batting: RHB Wade Rowdon
|
0-0: Called Strike 0-1: Fly out, F7 (Flyball, 7D, EV 107.5 MPH)
|
| Bottom of the 3rd over - 0 runs, 1 hit, 0 errors, 1 left on base; Jacksonville 0 - Savannah 1 |
| TOP OF THE 4TH |
|
Jacksonville Suns batting - Pitching for Savannah Indians : RHP Jose Guzman
|
|
Batting: SHB Joe Morales
|
0-0: Called Strike 0-1: Foul Ball, location: 2F 0-2: Ball 1-2: Strikes out swinging
|
|
Batting: LHB Andy Carlton
|
0-0: Called Strike 0-1: Fly out, F7 (Flyball, 7, EV 85.0 MPH)
|
|
Batting: RHB Edward Packard
|
0-0: Ball 1-0: Swinging Strike 1-1: Ball 2-1: Ball 3-1: Swinging Strike 3-2: Strikes out swinging
|
| Top of the 4th over - 0 runs, 0 hits, 0 errors, 0 left on base; Jacksonville 0 - Savannah 1 |
| BOTTOM OF THE 4TH |
|
Savannah Indians batting - Pitching for Jacksonville Suns : RHP Michael Villegas
|
|
Batting: RHB Ramiro Gutierrez
|
0-0: Ball 1-0: SOLO HOME RUN (Flyball, 78XD, EV 90.0 MPH), Distance : 411 ft
|
|
Batting: LHB Roberto Hernandez
|
0-0: Called Strike 0-1: Foul Ball, location: 2F 0-2: Ball 1-2: Ball 2-2: Fly out, F8 (Line Drive, 8RM, EV 86.9 MPH)
|
|
Batting: RHB Eddie Vargas
|
0-0: Called Strike 0-1: Foul Ball, location: 2F 0-2: Strikes out swinging
|
|
Batting: RHB Jeff Hearron
|
0-0: Fly out, F8 (Flyball, 8RXD, EV 94.4 MPH)
|
| Bottom of the 4th over - 1 run, 1 hit, 0 errors, 0 left on base; Jacksonville 0 - Savannah 2 |
| TOP OF THE 5TH |
|
Jacksonville Suns batting - Pitching for Savannah Indians : RHP Jose Guzman
|
|
Batting: LHB Pete M O'Brien
|
0-0: Called Strike 0-1: Ball 1-1: Called Strike 1-2: Ball 2-2: Ground out 3-1 (Groundball, 34, EV 106.9 MPH)
|
|
Batting: LHB Dave Baker
|
0-0: SINGLE (Groundball, 4D, EV 95.6 MPH)
|
|
Batting: LHB Michael Kelly
|
0-0: Ball 1-0: Ball 2-0: Ball 3-0: Fly out, F9 (Flyball, 89XD, EV 103.8 MPH)
|
|
Batting: RHB Mark Nocciolo
|
0-0: Called Strike 0-1: Ball 1-1: Fly out, F9 (Line Drive, 9, EV 97.5 MPH)
|
| Top of the 5th over - 0 runs, 1 hit, 0 errors, 1 left on base; Jacksonville 0 - Savannah 2 |
| BOTTOM OF THE 5TH |
|
Savannah Indians batting - Pitching for Jacksonville Suns : RHP Michael Villegas
|
|
Batting: RHB Mario Diaz
|
0-0: Ball 1-0: Ball 2-0: Ball 3-0: Called Strike 3-1: Foul Ball, location: 2F 3-2: Strikes out looking
|
|
Batting: RHB Angel Salazar
|
0-0: Ball 1-0: Foul Ball, location: 2F 1-1: Ground out 4-3 (Groundball, 4, EV 78.8 MPH)
|
|
Batting: LHB Kelvin Torve
|
0-0: Called Strike 0-1: Ball 1-1: Ball 2-1: Foul Ball, location: 2F 2-2: Ball 3-2: Fly out, F7 (Flyball, 78S, EV 91.3 MPH)
|
| Bottom of the 5th over - 0 runs, 0 hits, 0 errors, 0 left on base; Jacksonville 0 - Savannah 2 |
| TOP OF THE 6TH |
|
Jacksonville Suns batting - Pitching for Savannah Indians : RHP Jose Guzman
|
|
Batting: RHB Henry Powell
|
0-0: Called Strike 0-1: Foul Ball, location: 2F 0-2: Ball 1-2: Foul Ball, location: 2F 1-2: Fly out, F8 (Flyball, 8RD, EV 81.3 MPH)
|
|
Batting: RHB Lyle Brackenridge
|
0-0: Foul Ball, location: 2F 0-1: Called Strike 0-2: Ball 1-2: Strikes out looking
|
|
Batting: SHB Joe Morales
|
0-0: Ball 1-0: Ball 2-0: Called Strike 2-1: Ground out 6-3 (Groundball, 6S, EV 74.4 MPH)
|
| Top of the 6th over - 0 runs, 0 hits, 0 errors, 0 left on base; Jacksonville 0 - Savannah 2 |
| BOTTOM OF THE 6TH |
|
Savannah Indians batting - Pitching for Jacksonville Suns : RHP Michael Villegas
|
|
Batting: RHB Jim Paciorek
|
0-0: Ground out 6-3 (Groundball, 6, EV 84.4 MPH)
|
|
Batting: RHB Wade Rowdon
|
0-0: Called Strike 0-1: Foul Ball, location: 2F 0-2: Strikes out swinging
|
|
Batting: RHB Ramiro Gutierrez
|
0-0: Called Strike 0-1: Foul Ball, location: 2F 0-2: Strikes out swinging
|
| Bottom of the 6th over - 0 runs, 0 hits, 0 errors, 0 left on base; Jacksonville 0 - Savannah 2 |
| TOP OF THE 7TH |
|
Jacksonville Suns batting - Pitching for Savannah Indians : RHP Jose Guzman
|
|
Batting: LHB Andy Carlton
|
0-0: Ball 1-0: Fly out, F7 (Flyball, 7LM, EV 95.0 MPH)
|
|
Batting: RHB Edward Packard
|
0-0: Foul Ball, location: 2F 0-1: Foul Ball, location: 2F 0-2: Strikes out swinging
|
|
Batting: LHB Pete M O'Brien
|
0-0: Ball 1-0: Called Strike 1-1: Foul Ball, location: 2F 1-2: Ball 2-2: Ball 3-2: Base on Balls
|
|
Batting: LHB Dave Baker
|
0-0: Swinging Strike 0-1: Ball 1-1: Ball 2-1: Ball 3-1: Fly out, F7 (Flyball, 7D, EV 93.8 MPH)
|
| Top of the 7th over - 0 runs, 0 hits, 0 errors, 1 left on base; Jacksonville 0 - Savannah 2 |
| BOTTOM OF THE 7TH |
|
Savannah Indians batting - Pitching for Jacksonville Suns : RHP Michael Villegas
|
|
Batting: LHB Roberto Hernandez
|
0-0: Ball 1-0: Called Strike 1-1: Called Strike 1-2: Ball 2-2: Ball 3-2: Foul Ball, location: 2F 3-2: Base on Balls
|
|
Batting: RHB Eddie Vargas
|
0-0: Called Strike 0-1: Ball 1-1: Fly out, F8 (Flyball, 8RS, EV 80.0 MPH)
|
|
Batting: RHB Jeff Hearron
|
0-0: Ball 1-0: Fly out, F6 (Flyball, 56D, EV 83.8 MPH)
|
|
Batting: RHB Mario Diaz
|
0-0: SINGLE (Groundball, 56S, EV 65.0 MPH) (infield hit) Roberto Hernandez to second
|
|
Batting: RHB Angel Salazar
|
0-0: Called Strike 0-1: Ball 1-1: Fly out, F1 (Line Drive, P, EV 65.6 MPH)
|
| Bottom of the 7th over - 0 runs, 1 hit, 0 errors, 2 left on base; Jacksonville 0 - Savannah 2 |
| TOP OF THE 8TH |
|
Jacksonville Suns batting - Pitching for Savannah Indians : RHP Jose Guzman
|
|
Batting: LHB Michael Kelly
|
0-0: Ball 1-0: Called Strike 1-1: Foul Ball, location: 2F 1-2: Ball 2-2: Ball 3-2: Foul Ball, location: 2F 3-2: Foul Ball, location: 2F 3-2: SINGLE (Groundball, 6D, EV 96.3 MPH)
|
|
Batting: RHB Mark Nocciolo
|
0-0: Fly out, F6 (Popup, P, EV 87.5 MPH)
|
|
Batting: RHB Henry Powell
|
0-0: Foul Ball, location: 2F 0-1: Ball 1-1: Ball 2-1: Swinging Strike 2-2: Foul Ball, location: 2F 2-2: Ball 3-2: 2-RUN HOME RUN (Flyball, 78XD, EV 96.9 MPH), Distance : 407 ft
|
|
Batting: RHB Lyle Brackenridge
|
0-0: Called Strike 0-1: Ground out 4-3 (Groundball, 34, EV 108.1 MPH)
|
|
Batting: SHB Joe Morales
|
0-0: Ball 1-0: Ground out 6-3 (Groundball, 6, EV 85.0 MPH)
|
| Top of the 8th over - 2 runs, 2 hits, 0 errors, 0 left on base; Jacksonville 2 - Savannah 2 |
| BOTTOM OF THE 8TH |
|
Savannah Indians batting - Pitching for Jacksonville Suns : RHP Michael Villegas
|
|
Batting: LHB Kelvin Torve
|
0-0: Ball 1-0: Ball 2-0: Called Strike 2-1: Fly out, F8 (Flyball, 78XD, EV 93.8 MPH)
|
|
Batting: RHB Jim Paciorek
|
0-0: Ball 1-0: SINGLE (Flyball, 5D, EV 84.4 MPH)
|
|
Batting: RHB Wade Rowdon
|
0-0: Ball 1-0: Foul Ball, location: 2F 1-1: Foul Ball, location: 2F 1-2: Fly out, F8 (Flyball, 8LD, EV 101.3 MPH)
|
|
Batting: RHB Ramiro Gutierrez
|
0-0: Foul Ball, location: 2F 0-1: Foul Ball, location: 2F 0-2: Strikes out looking
|
| Bottom of the 8th over - 0 runs, 1 hit, 0 errors, 1 left on base; Jacksonville 2 - Savannah 2 |
| TOP OF THE 9TH |
|
Jacksonville Suns batting - Pitching for Savannah Indians : RHP Jose Guzman
|
|
Pitching: RHP Joel Willett
|
|
|
Batting: LHB Andy Carlton
|
0-0: Foul Ball, location: 2F 0-1: Ball 1-1: Called Strike 1-2: Fly out, F5 (Popup, 56S, EV 76.9 MPH)
|
|
Batting: RHB Edward Packard
|
0-0: Ball 1-0: Called Strike 1-1: Ball 2-1: SINGLE (Groundball, 6MD, EV 101.9 MPH)
|
|
Batting: LHB Pete M O'Brien
|
0-0: Ball 1-0: Fly out, F7 (Flyball, 7LM, EV 103.1 MPH)
|
|
Batting: LHB Dave Baker
|
0-0: Called Strike 0-1: Ball 1-1: Ball Wild Pitch! Edward Packard to second 2-1: Foul Ball, location: 2F 2-2: Strikes out looking
|
| Top of the 9th over - 0 runs, 1 hit, 0 errors, 1 left on base; Jacksonville 2 - Savannah 2 |
| BOTTOM OF THE 9TH |
|
Savannah Indians batting - Pitching for Jacksonville Suns : RHP Michael Villegas
|
|
Batting: LHB Roberto Hernandez
|
0-0: Ball 1-0: Ball 2-0: SINGLE (Line Drive, 6MD, EV 105.6 MPH)
|
|
Batting: RHB Eddie Vargas
|
0-0: Called Strike 0-1: Ball 1-1: Ball 2-1: Fly out, F7 (Flyball, 7LS, EV 72.5 MPH)
|
|
Pinch Hitting: LHB Felix Agapay
|
0-0: Called Strike 0-1: Ball 1-1: Ball 2-1: Fielders Choice at 2nd, 3-6 (Groundball, 3, EV 81.3 MPH)
|
|
Pinch Hitting: LHB Albert Castillo
|
0-0: Called Strike Felix Agapay steals 2nd base (no throw) 0-1: Foul Ball, location: 2F 0-2: Ball 1-2: Ground out 5-3 (Groundball, 5, EV 79.4 MPH)
|
| Bottom of the 9th over - 0 runs, 1 hit, 0 errors, 1 left on base; Jacksonville 2 - Savannah 2 |
| TOP OF THE 10TH |
|
Jacksonville Suns batting - Pitching for Savannah Indians : RHP Joel Willett
|
|
Now at C: T.J. Johnson
|
|
|
Now at 2B: Angelo Blake
|
|
|
Batting: LHB Michael Kelly
|
0-0: Foul Ball, location: 2F 0-1: Ball 1-1: Ball 2-1: SOLO HOME RUN (Flyball, 7LD, EV 90.6 MPH), Distance : 358 ft
|
|
Batting: RHB Mark Nocciolo
|
0-0: Ball 1-0: Ball 2-0: Called Strike 2-1: Fly out, F8 (Line Drive, 8LD, EV 88.8 MPH)
|
|
Batting: RHB Henry Powell
|
0-0: Ball 1-0: Foul Ball, location: 2F 1-1: Ball 2-1: Ball 3-1: Foul Ball, location: 2F 3-2: Foul Ball, location: 2F 3-2: Strikes out looking
|
|
Batting: RHB Lyle Brackenridge
|
0-0: Foul Ball, location: 2F 0-1: Ball 1-1: Called Strike 1-2: Strikes out looking
|
| Top of the 10th over - 1 run, 1 hit, 0 errors, 0 left on base; Jacksonville 3 - Savannah 2 |
| BOTTOM OF THE 10TH |
|
Savannah Indians batting - Pitching for Jacksonville Suns : RHP Michael Villegas
|
|
Batting: RHB Angel Salazar
|
0-0: Called Strike 0-1: SINGLE (Flyball, 4MD, EV 93.1 MPH)
|
|
Batting: LHB Kelvin Torve
|
0-0: Ball 1-0: Foul Ball, location: 2F 1-1: DOUBLE (Flyball, 78XD, EV 108.1 MPH) Angel Salazar to third Runner from 3rd tries for Home, SAFE, no throw by LF
|
|
Batting: RHB Jim Paciorek
|
0-0: Called Strike 0-1: Called Strike 0-2: SINGLE (Line Drive, 6D, EV 102.5 MPH) Kelvin Torve to third
|
|
Batting: RHB Wade Rowdon
|
0-0: Fly out, F8 (Flyball, 8RXD, EV 102.5 MPH) Runner from 3rd tags up, SCORES, no throw by CF
|
| Bottom of the 10th over - 2 runs, 3 hits, 0 errors, 0 left on base; Jacksonville 3 - Savannah 4 |
|